 Dungeon Crawl Stone Soup version 0.26-a0-606-g3c8f2f65f7 (webtiles) character file.

Game seed: 13114653400585798103

166 Hastur the Skirmisher (level 5, -6/48 HPs)
             Began as a Palentonga Artificer on Sept 2, 2020.
             Was an Initiate of Gozag.
             Mangled by a gnoll shaman
             ... wielding a +0 quarterstaff
              (9 damage)
             ... on level 3 of the Dungeon.
             The game lasted 00:11:11 (4788 turns).

Hastur the Skirmisher (Palentonga Artificer)        Turns: 4788, Time: 00:11:12

Health: -6/48      AC:  5    Str: 16    XL:     5   Next: 22%
Magic:  5/5        EV:  9    Int: 12    God:    Gozag
Gold:   315        SH:  0    Dex: 10    Spells: 4/4 levels left

rFire    . . .     SeeInvis +   p - +0 flail (protect)
rCold    . . .     Faith    .   (no shield)
rNeg     . . .     Spirit   .   c - +0 ring mail (curse)
rPois    .         Reflect  .   (no helmet)
rElec    .         Harm     .   (no cloak)
rCorr    .                      (no gloves)
MR       .....                  (no barding)
Stlth    +.........             (no amulet)
HPRegen  0.16/turn              (no ring)
MPRegen  0.09/turn              (no ring)

@: no status effects
A: large, rugged brown scales 3, see invisible, deformed body, roll, armoured
tail
a: Rolling Charge, Potion Petition, Call Merchant, Bribe Branch, Renounce
Religion


You were on level 3 of the Dungeon.
You worshipped Gozag.
Gozag was aware of your devotion.
You visited 1 branch of the dungeon, and saw 4 of its levels.

You collected 336 gold pieces.
You paid 21 gold pieces to Gozag.

Inventory:

Hand Weapons
 a - a +0 club
 j - a +0 dagger
   (You took it off a kobold on level 1 of the Dungeon)
 o - a +0 war axe
   (You found it on level 4 of the Dungeon)
 p - a +0 flail of protection (weapon)
   (You took it off an orc on level 3 of the Dungeon)
Missiles
 g - 105 stones (quivered)
Armour
 b - a +0 leather armour
 c - a cursed +0 ring mail (worn)
   (You found it on level 1 of the Dungeon)
Wands
 d - a wand of enslavement (12)
 e - a wand of random effects (14)
 t - a wand of flame (32)
Scrolls
 i - 3 scrolls of identify {unknown}
 l - 6 scrolls of teleportation {unknown}
Potions
 f - 2 potions of berserk rage {unknown}
 h - 4 potions of curing {unknown}
 k - 2 potions of heal wounds {unknown}
 m - 2 potions of magic {unknown}
 n - 2 potions of lignification {unknown}


   Skills:
 + Level 3.6 Fighting
 + Level 0.1 Maces & Flails
 - Level 1.5 Armour
 + Level 2.9 Dodging
 - Level 0.5 Stealth
 - Level 2.6 Evocations


You had 4 spell levels left.
You didn't know any spells.
Your spell library contained the following spells:

 Spells                   Type           Power        Failure   Level
 Confusing Touch          Hex            #.......     88%         3
 Gell's Gravitas          Tloc           #.........   88%         3
 Petrify                  Tmut/Erth      #.......     99%         4
 Metabolic Englaciation   Hex/Ice        #.........   100%        5
 Yara's Violent Unravell  Hex/Tmut       #.........   100%        5


Dungeon Overview and Level Annotations

Branches:
Dungeon (4/15)
 Temple: D:4-7

Altars:
Gozag
Beogh

Annotations:
D:3 3 runed translucent doors, Descartes's ghost, amateur PaWr


Innate Abilities, Weirdness & Mutations

You are completely covered in rugged brown scales. (AC +3, +7% HP)
You have supernaturally acute eyesight. (SInv)
Armour fits poorly on your strangely shaped body.
You can roll at foes to attack.
You have a long armoured tail.


Message History

You climb upwards.
Level annotation: 3 runed translucent doors, Descartes's ghost, amateur PaWr
There is a stone staircase leading down here.
You hit the gnoll shaman but do no damage.
The gnoll shaman closely misses you.
You hit the gnoll shaman.
The gnoll shaman hits you with a +0 quarterstaff.
You hit the gnoll shaman.
The gnoll shaman hits you but does no damage.
You hit the gnoll shaman.
You are no longer glowing.
The gnoll shaman closely misses you.
You barely miss the gnoll shaman.
The gnoll shaman hits you with a +0 quarterstaff.
You hit the gnoll shaman but do no damage.
Your tail-slap misses the gnoll shaman.
The gnoll shaman hits you with a +0 quarterstaff.
You barely miss the gnoll shaman.
The gnoll shaman hits you with a +0 quarterstaff!
* * * LOW HITPOINT WARNING * * *
Your +0 flail of protection hums with potential!
p - a +0 flail of protection (weapon)
You barely miss the gnoll shaman. The gnoll shaman barely misses you.
You hit the gnoll shaman but do no damage.
Your weapon exudes an aura of protection.
The gnoll shaman hits you with a +0 quarterstaff.
* * * LOW HITPOINT WARNING * * *
The gnoll shaman hits you but does no damage.
You closely miss the gnoll shaman.
The gnoll shaman hits you but does no damage.
You barely miss the gnoll shaman. The gnoll shaman closely misses you.
You hit the gnoll shaman.
Your weapon exudes an aura of protection.
The gnoll shaman hits you but does no damage.
You hit the gnoll shaman. The gnoll shaman completely misses you.
The gnoll shaman hits you with a +0 quarterstaff!
* * * LOW HITPOINT WARNING * * *
You hit the gnoll shaman but do no damage.
The gnoll shaman prays to its god.
The gnoll shaman is healed somewhat.
Your ring mail prevents you from hitting the gnoll shaman.
The gnoll shaman hits you but does no damage.
You closely miss the gnoll shaman.
Your tail-slap misses the gnoll shaman.
The gnoll shaman hits you with a +0 quarterstaff.
* * * LOW HITPOINT WARNING * * *
The gnoll shaman closely misses you.
You closely miss the gnoll shaman.
The gnoll shaman hits you with a +0 quarterstaff!
You die...
Your body crumbles into a pile of gold.

#.#............................
#.######.#####.................
#..............###...##########
######...#####.# #...# #...#
#.# #...# #### ##.## #.# #####
#... ##.######.# #...
#.........#############...
#........@................
#.......g.####...######...
#.........# #...# #...
########.######## #...# #...
##........# #...# ####
.'........# #...# ##........#
#...# #........# #...#
#........# #####


You could see a gnoll shaman.

Vanquished Creatures
  A worker ant (D:4)
  Terence (D:3)
  A hound skeleton (D:4)
  An adder (D:3)
  2 oozes
  2 worms (D:3)
  4 dart slugs
  2 leopard geckos
  9 orcs
  A ball python (D:1)
  2 giant cockroaches (D:3)
  5 goblins
  7 hobgoblins
  3 jackals (D:3)
  3 quokkas
  8 bats
  4 frilled lizards
  9 kobolds
  4 rats
69 creatures vanquished.

Vanquished Creatures (collateral kills)
  A worm (D:3)
1 creature vanquished.

Vanquished Creatures (others)
  A goblin (D:3)
1 creature vanquished.

Grand Total: 71 creatures vanquished

Notes
Turn   | Place    | Note
-------+----------+-------------------------------------------
     0 | D:1      | Hastur the Palentonga Artificer began the quest for the
                  | Orb.
     0 | D:1      | Reached XP level 1. HP: 17/17 MP: 1/1
    68 | D:1      | Reached skill level 1 in Dodging
   295 | D:1      | Reached XP level 2. HP: 24/24 MP: 2/2
   657 | D:1      | Reached skill level 2 in Fighting
  1183 | D:2      | Reached XP level 3. HP: 27/31 MP: 3/3
  1285 | D:2      | Found an opulent altar of Gozag.
  1291 | D:2      | Became a worshipper of Gozag Ym Sagoz the Greedy
  1895 | D:3      | Noticed Terence
  1934 | D:3      | Killed Terence
  1958 | D:3      | Reached XP level 4. HP: 19/39 MP: 4/4
  2411 | D:3      | Reached skill level 3 in Fighting
  2939 | D:3      | Found a runed translucent gate.
  2939 | D:3      | Found a runed translucent gate.
  2940 | D:3      | Found a runed translucent gate.
  3224 | D:3      | Noticed Descartes's ghost (amateur PaWr)
  3227 | D:3      | Found a roughly hewn altar of Beogh.
  4000 | D:4      | Reached XP level 5. HP: 17/48 MP: 5/5
  4462 | D:4      | HP: 2/48 [gnoll/+0 halberd (7)]
  4788 | D:3      | Mangled by a gnoll shaman

Illustrated notes

Levels and vault maps discovered:
D:1:      dpeg_arrival_shelter, layout_basic
D:2:      minmay_wonky_spiral, layout_loops_ring, grunt_gozag_statues
D:3:      layout_basic, biasface_ghost_orc_armoury, kennysheep_cross_room,
          uniq_terence
D:4:      layout_rooms, serial_shops, kennysheep_mini, serial_bayou_pond_a,
          fountainhead

Skill      XL: |  1  2  3  4 |
---------------+-------------+-----
Dodging        | 1 2 |  2.9
Fighting       | 2 3 |  3.6
Maces & Flails | |  0.1
Armour         | |  1.5
Stealth        | |  0.5
Evocations     | |  2.6

Action                   |  1- 3 |  4- 6 || total
-------------------------+-------+-------++-------
Melee: Club              |    71 |       ||    71
       Tailslap          |    17 |    15 ||    32
       Dagger            |    82 |   192 ||   274
       Flail             |       |    10 ||    10
Throw: Dart              |       |    12 ||    12
       Stone             |       |     2 ||     2
 Abil: Rolling Charge    |     5 |     2 ||     7
Evoke: Wand              |     2 |     5 ||     7
 Stab: Paralysed         |     6 |       ||     6
Armor: Ring mail         |    57 |    76 ||   133
Dodge: Dodged            |    75 |   112 ||   187

Table legend: (Time is in decaauts)
 A = Elapsed time spent in this place.
 B = Non-inter-level travel time spent in this place.
 C = Inter-level travel time spent in this place.
 D = Time resting spent in this place.
 E = Time spent auto-exploring this place.
 F = Levels seen in this place.
 G = Mean time per level.
                   A        B        C        D        E       F      G
               +--------+--------+--------+--------+--------+-----+--------+
         Total |   4815 |   4652 |    163 |   1657 |   2034 |   4 | 1203.8 |
       Dungeon |   4815 |   4652 |    163 |   1657 |   2034 |   4 | 1203.8 |
               +--------+--------+--------+--------+--------+-----+--------+

Top non-repeatable levels by time:
     D:3: 2457 daAuts
     D:1: 1199 daAuts
     D:2: 840 daAuts
     D:4: 318 daAuts
